 Dungeon Crawl Stone Soup version 0.28.0-45-g0d030f2227 (webtiles) character file.

Game seed: 978562407693785425

8 McKennaii the Conjurer (level 2, 19/19 HPs)
             Began as a Demonspawn Conjurer on Apr 14, 2022.
             Quit the game on level 1 of the Dungeon.
             The game lasted 00:00:09 (445 turns).

McKennaii the Conjurer (Demonspawn Conjurer)         Turns: 445, Time: 00:00:09

Health: 19/19      AC:  2    Str:  7    XL:     2   Next: 0%
Magic:  5/5        EV: 12    Int: 19    God:
Gold:   23         SH:  0    Dex: 11    Spells: 4/5 levels left

rFire   . . .      SeeInvis .   (no weapon)
rCold   . . .      Faith    .   (no shield)
rNeg    . . .      Spirit   .   a - +0 robe
rPois   .          Reflect  .   (no helmet)
rElec   .          Harm     .   (no cloak)
rCorr   .          Rampage  .   (no gloves)
Will    .....                   (no boots)
Stlth   ++........              (no amulet)
HPRegen 0.06/turn               (no ring)
MPRegen 0.09/turn               (no ring)

@: no status effects
A: ignite blood 1
a: no special abilities


You were on level 1 of the Dungeon.
You visited 1 branch of the dungeon, and saw 1 of its levels.

You collected 23 gold pieces.

Inventory:

Armour
 a - a +0 robe (worn)


   Skills:
 - Level 1.7 Dodging
 - Level 1.7 Stealth
 + Level 2.3 Spellcasting
 + Level 4.2 Conjurations


You had 4 spell levels left.
You knew the following spells:

 Your Spells              Type           Power      Damage    Failure   Level
a - Magic Dart            Conj           72%        1d6       3%          1

Your spell library contained the following spells:

 Spells                   Type           Power      Damage    Failure   Level
 Searing Ray              Conj           36%        2d5       4%          2
 Dazzling Flash           Conj/Hex       20%        N/A       21%         3
 Fulminant Prism          Conj/Hex       5%         3d7       56%         4
 Iskenderun's Mystic Bla  Conj/Tloc      10%        2d4       56%         4


Dungeon Overview and Level Annotations

Branches:
Dungeon (1/15)

Altars:


Innate Abilities, Weirdness & Mutations

Your demonic aura sometimes causes spilled blood to erupt in flames.


Message History

The hobgoblin misses you.
You are too depleted to draw on your mana recklessly!
A hobgoblin is nearby!
You hit the hobgoblin.
The hobgoblin is almost dead.
The hobgoblin hits you.
You are too depleted to draw on your mana recklessly!
A hobgoblin is nearby!
You are too depleted to draw on your mana recklessly!
You hit the hobgoblin but do no damage. You punch the hobgoblin.
You kill the hobgoblin!
HP restored.
Key pressed, stopping explore.
You can't see any susceptible monsters within range! (Use Z to cast anyway.) No target in view!
You see here a frilled lizard corpse.
Key pressed, stopping explore.
You can't see any susceptible monsters within range! (Use Z to cast anyway.) No target in view!
Found 15 sling bullets.
You can't see any susceptible monsters within range! (Use Z to cast anyway.)
You can't see any susceptible monsters within range! (Use Z to cast anyway.) No target in view!
You open the door.
There is an open door here.
You open the door.
There is an open door here.
A kobold comes into view. It is wielding a +0 dagger.
A kobold is nearby!
The magic dart hits the kobold.
You kill the kobold!
You have reached level 2!
Your demonic ancestry asserts itself...
Your blood heats up.
You can't see any susceptible monsters within range! (Use Z to cast anyway.)
You see here a +0 dagger.
There is an open door here.
There is an open door here.
Found a leather armour.
Are you sure you want to abandon this character and quit the game? (Confirm with "yes".)

### ########### ##.###.#
.......##.## #.....[#
.....#.#...## #@# # ###
.###.#......####.###....
#.. .#
#...)...............#
#.. .#
###.##.#######.####.#
#.# .# #.##.# .# .# #.#
.#####.##.# .# ##.# #.#
.......##'## #.# #..#
####.. ###(####...## #.#
#..# ###..... #
#.###.....## #.###..#
#.......


There were no monsters in sight!

Vanquished Creatures
  2 ball pythons (D:1)
  An endoplasm (D:1)
  A goblin (D:1)
  A hobgoblin (D:1)
  2 frilled lizards (D:1)
  A kobold (D:1)
8 creatures vanquished.

Notes
Turn   | Place    | Note
-------+----------+-------------------------------------------
     0 | D:1      | McKennaii the Demonspawn Conjurer began the quest for the
                  | Orb.
     0 | D:1      | Reached XP level 1. HP: 13/13 MP: 3/3
   371 | D:1      | Gained mutation: Your demonic aura sometimes causes spilled
                  | blood to erupt in flames. [demonic ancestry]
   371 | D:1      | Reached XP level 2. HP: 19/19 MP: 3/5
   445 | D:1      | Quit the game

Illustrated notes

Levels and vault maps discovered:
D:1:      dpeg_arrival_long_road, layout_loops_corners,
          corexii_item_surrounded_by_moat

Action                   || total
-------------------------++-------
Melee: Unarmed           ||     5
       Punch             ||     1
 Cast: Magic Dart        ||    11
Dodge: Dodged            ||     3
